 Dungeon Crawl Stone Soup version 0.21-a0-348-ga060c75 (webtiles) character file.

634 Hasart the Cudgeler (level 7, -2/52 HPs)
             Began as a Mummy Fighter on Oct 6, 2017.
             Was an Initiate of Gozag.
             Slain by an ogre
             ... wielding a +0 giant club
              (11 damage)
             ... on level 5 of the Dungeon.
             The game lasted 00:09:26 (4579 turns).

Hasart the Cudgeler (Mummy Fighter)                 Turns: 4579, Time: 00:09:26

Health: -2/52      AC:  8    Str: 21    XL:     7   Next: 25%
Magic:  7/7        EV:  7    Int:  8    God:    Gozag
Gold:   163        SH:  9    Dex: 11    Spells: 6/6 levels left

rFire    x . .     SeeInvis +   a - +0 flail
rCold    + + .     Gourm    .   c - +0 shield
rNeg     + + +     Faith    .   b - +0 scale mail
rPois    ∞         Spirit   .   j - +0 helmet
rElec    .         Reflect  .   (no cloak)
rCorr    .         Harm     .   (no gloves)
MR       .....                  h - +0 pair of boots (curse)
Stlth    ..........             (no amulet)
HPRegen  0.17/turn              g - ring of protection from cold
MPRegen  0.10/turn              l - ring of see invisible

@: no status effects
A: no food or potions, fire vulnerability, cold resistance 1, negative energy
resistance 3, torment resistance, unbreathing
a: Potion Petition, Call Merchant, Bribe Branch, Renounce Religion


You were on level 5 of the Dungeon.
You worshipped Gozag.
Gozag was aware of your devotion.
You were not hungry.

You visited 1 branch of the dungeon, and saw 5 of its levels.
You also visited: Sewer.

You collected 578 gold pieces.
You paid 415 gold pieces to Gozag.

Inventory:

Hand Weapons
 a - a +0 flail (weapon)
Armour
 b - a +0 scale mail (worn)
 c - a +0 shield (worn)
 h - a cursed +0 pair of boots (worn)
 j - a +0 helmet (worn)
Jewellery
 e - an uncursed ring of ice
 g - a ring of protection from cold (left hand)
 l - a ring of see invisible (right hand)
Scrolls
 d - 4 scrolls of blinking {unknown}
 f - 7 scrolls of identify {unknown}
 i - 2 scrolls of magic mapping {unknown}
 k - a scroll of amnesia {unknown}
 m - a scroll of enchant armour {unknown}
 o - a scroll of recharging {unknown}
 p - 3 scrolls of remove curse {unknown}
 q - a scroll of random uselessness {unknown}
 r - a scroll of enchant weapon {unknown}
 s - a scroll of vulnerability {unknown}
Books
 n - a book of Cantrips

   Spells                             Type                      Level
   a - Confusing Touch                Hexes                        1
   b - Animate Skeleton               Necromancy                   1
   c - Summon Small Mammal            Summoning                    1
   d - Apportation                    Translocation                1


   Skills:
 - Level 3.0 Fighting
 + Level 6.8 Maces & Flails
 - Level 2.4 Armour
 - Level 2.4 Shields


You had 6 spell levels left.
You didn't know any spells.

Dungeon Overview and Level Annotations

Branches:
Dungeon (5/15)             Temple (0/1) D:4

Altars:
Gozag
Nemelex Xobeh
Ru
Zin

Annotations:
D:5 Prince Ribbit


Innate Abilities, Weirdness & Mutations

You do not eat or drink.
Your flesh is vulnerable to fire.
You are immune to poison.
Your flesh is cold resistant. (rC+)
You are immune to negative energy. (rN+++)
You are immune to unholy pain and torment.
You can survive without breathing.


Message History

You sock the ogre!
The ogre is severely wounded.
The worker ant bites you but does no damage.
You block the ogre's attack.
Your shield and scale mail prevent you from hitting the ogre.
The ogre is severely wounded.
The centaur skeleton hits you but does no damage.
The worker ant closely misses you. The ogre hits you with a giant club!
* * * LOW HITPOINT WARNING * * *
You block the centaur skeleton's attack.
You completely miss the ogre.
The ogre is severely wounded.
The worker ant bites you but does no damage.
You block the centaur skeleton's attack.
The worker ant bites you but does no damage.
You hit the ogre but do no damage.
The ogre is severely wounded.
The ogre hits you with a giant club!
You die...
Your body crumbles into a pile of gold.

#...# #.# $
....### #.#
......###. #.#
.......... $
#.# ......###.
#.# #..F###
#.# #...# #.#
##### #.# #@#
###.##O##.###
#.....aZ....#
#.............
#...##.##.#.#.
#... ..# .....
#.. .## #.# #.
#. .# #. #. #


You could see an ogre, a worker ant and a centaur skeleton.

Vanquished Creatures
  Purgy (Sewer)
  An ogre (D:4)
  2 scorpions (D:5)
  A howler monkey (D:4)
  A hound (D:4)
  An orc priest (D:5)
  An orc wizard (D:5)
  A worker ant (D:5)
  A howler monkey zombie (D:5)
  A howler monkey skeleton (D:4)
  7 adders
  An ooze (D:1)
  An adder skeleton (D:4)
  2 worms (D:4)
  4 dart slugs (D:2)
  4 leopard geckos
  9 orcs
  4 ball pythons
  2 giant cockroaches
  9 goblins
  4 hobgoblins
  10 jackals
  A quokka (D:5)
  5 bats
  6 frilled lizards
  A jackal skeleton (D:2)
  15 kobolds
  14 rats
110 creatures vanquished.

Notes
Turn   | Place    | Note
-------+----------+-------------------------------------------
     0 | D:1      | Hasart the Mummy Fighter began the quest for the Orb.
     0 | D:1      | Reached XP level 1. HP: 18/18 MP: 1/1
    59 | D:1      | Reached skill level 2 in Maces & Flails
    64 | D:1      | Reached XP level 2. HP: 20/24 MP: 2/2
   516 | D:1      | Reached XP level 3. HP: 25/29 MP: 3/3
   864 | D:2      | Reached skill level 3 in Maces & Flails
  1330 | D:2      | Reached XP level 4. HP: 31/35 MP: 4/4
  1950 | D:3      | Reached skill level 4 in Maces & Flails
  2056 | D:3      | Found a faded altar of an unknown god.
  2112 | D:3      | Found a sparkling altar of Nemelex Xobeh.
  2112 | D:3      | Found an opulent altar of Gozag.
  2124 | D:3      | Became a worshipper of Gozag Ym Sagoz the Greedy
  2622 | D:4      | Reached XP level 5. HP: 41/41 MP: 5/5
  2799 | D:4      | Found a glowing silver altar of Zin.
  2820 | D:4      | Reached skill level 5 in Maces & Flails
  2980 | D:4      | Found a glowing drain.
  3014 | Sewer    | Entered a sewer
  3172 | Sewer    | Noticed Purgy
  3198 | Sewer    | Killed Purgy
  3198 | Sewer    | Reached XP level 6. HP: 20/47 MP: 6/6
  3453 | D:4      | Found a staircase to the Ecumenical Temple.
  3596 | D:4      | Reached skill level 6 in Maces & Flails
  3893 | D:5      | Entered Level 5 of the Dungeon
  3971 | D:5      | Noticed an ice beast
  3992 | D:5      | Noticed an ice beast
  4278 | D:5      | Found a sacrificial altar of Ru.
  4278 | D:5      | Noticed Prince Ribbit
  4416 | D:5      | Reached XP level 7. HP: 52/52 MP: 7/7
  4579 | D:5      | Slain by an ogre

Vault maps used:
D:1:      onia_arrival_handbag, bh_walls_and_bars
D:2:      first_bread, st_stairs_5
D:3:      grunt_temple_overflow_opulence, chequers_ecumenical_altar_simple_redux
D:4:      zin_statuary, lemuel_round_altar, minmay_temple_entry_overgrown,
          portal_sewer_entry_b, minmay_bisected
D:5:      chequers_temple_overflow_minitemple,
          nicolae_ru_great_annihilating_truth, uniq_prince_ribbit1
Sewer:    kennysheep_door_sewer

Skill      XL: |  1  2  3  4  5  6 |
---------------+-------------------+-----
Maces & Flails | 2 3 4 5 6 |  6.8
Fighting       | |  3.0
Armour         | |  2.4
Shields        | |  2.4

Action                   |  1- 3 |  4- 6 |  7- 9 || total
-------------------------+-------+-------+-------++-------
Melee: Flail             |   146 |   262 |    39 ||   447
Invok: Potion Petition   |       |     2 |       ||     2
  Use: Scroll            |       |     1 |       ||     1
 Stab: Invisible         |       |     2 |       ||     2
       Distracted        |       |       |     1 ||     1
Armor: Scale mail        |    75 |    95 |    13 ||   183
Dodge: Dodged            |    57 |    89 |    10 ||   156
Block: Shield            |    85 |   118 |    12 ||   215

Table legend:
 A = Spawn XP
 B = Non-spawn XP
 C = Spawn XP percentage of total XP
 D = Spawn monster count
 E = Non-spawn monster count
 F = Spawn count percentage of total count
 G = Total turns spent on level
                    A         B        C        D         E        F      G
               +---------+---------+-------+---------+---------+-------+---------
         Total |       0 |     907 |   0.0 |       0 |     110 |   0.0 |  4579
               +---------+---------+-------+---------+---------+-------+---------
           D:1 |       0 |      46 |   0.0 |       0 |      26 |   0.0 |   846
           D:2 |       0 |      95 |   0.0 |       0 |      24 |   0.0 |   979
           D:3 |       0 |      45 |   0.0 |       0 |      20 |   0.0 |   816
           D:4 |       0 |     293 |   0.0 |       0 |      20 |   0.0 |   856
           D:5 |       0 |     292 |   0.0 |       0 |      14 |   0.0 |   686
         Sewer |       0 |     136 |   0.0 |       0 |       6 |   0.0 |   396
               +---------+---------+-------+---------+---------+-------+---------
